 Dungeon Crawl Stone Soup version 0.31-a0-188-g5e087ee2ca (webtiles) character file.

Game seed: 11173907030344841680

318 qw the Skirmisher (level 6, 0/35 HPs)
             Began as a Deep Elf Hunter on June 22, 2023.
             Killed by nerve-wracking pain
             ... invoked by an orc priest
              (10 damage)
             ... on level 5 of the Dungeon.
             The game lasted 00:01:04 (3004 turns).

qw the Skirmisher (Deep Elf Hunter)                 Turns: 3004, Time: 00:01:04

Health: 0/35       AC:  4    Str: 12      XL:     6   Next: 21%
Magic:  8/8        EV: 13    Int: 12 (14) God:
Gold:   162        SH:  0    Dex: 18 (20) Spells: 5/5 levels left

rFire   . . .        Y - +0 shortbow (elec)
rCold   . . .        (shield currently unavailable)
rNeg    . . .        h - +1 leather armour of Iselao {Str+2 Dex+2 SInv}
rPois   .            (no helmet)
rElec   .            (no cloak)
rCorr   .            (no gloves)
SInv    +            (no boots)
Will    .....        f - amulet of faith
Stlth   ++           (no ring)
HPRegen 0.25/turn    (no ring)
MPRegen 0.11/turn

%: faith
@: weak-willed
A: no striking features
a: no special abilities


You were on level 5 of the Dungeon.
You visited 1 branch of the dungeon, and saw 5 of its levels.

You collected 266 gold pieces.
You spent 104 gold pieces at shops.


   Skills:
 + Level 1.9 Fighting
 - Level 9.0 Ranged Weapons
 - Level 4.2 Dodging
 - Level 1.2 Stealth


You had 5 spell levels left.
You didn't know any spells.
Your spell library was empty.

Inventory:

Hand Weapons
 Y - a +0 shortbow of electrocution (weapon)
Armour
 h - the +1 leather armour of Iselao (worn) {Str+2 Dex+2 SInv}
   (You found it on level 4 of the Dungeon)

   Str:       It affects your strength (+2).
   Dex:       It affects your dexterity (+2).
   SInv:      It lets you see invisible.
Jewellery
 f - an amulet of faith (around neck)
Scrolls
 e - 4 scrolls of identify
Potions
 a - a potion of curing
 c - 2 potions of might

Dungeon Overview and Level Annotations

Branches:
Dungeon (5/15)             Temple (0/1) D:5

Altars:
Ashenzari
Makhleb
Okawaru
Uskayaw
Vehumet
Zin

Shops:
D:2 :   D:3 ((?


Message History

The orc hits you with a +0 short sword.
An orc priest comes into view. It is wielding a +0 short sword.
An orc comes into view. It is wielding a +0 mace.
You shoot an arrow. The orc shouts!
The arrow hits the orc!
You kill the orc!
The orc priest mumbles some strange prayers to Beogh against you.
Beogh smites you!
The orc priest invokes the aid of Beogh against you.
Beogh smites you!
2998 ||| DRINKING potion of heal wounds.
You feel much better.
You shoot an arrow.
The arrow closely misses the orc priest.
The orc priest hits you with a +0 club.
The orc priest begins to cast a cantrip, but forgets the words!
You shoot an arrow. The arrow hits the orc priest.
The orc priest is moderately wounded.
The orc priest mumbles some strange prayers to Beogh against you.
Pain shoots through your body!
You shoot an arrow. The arrow hits the orc priest.
The orc priest is severely wounded.
The orc priest hits you but does no damage.
An orc comes into view. It is wielding a +2 heavy trident.
You shoot an arrow. The orc shouts!
The arrow hits the orc priest.
The orc priest is severely wounded.
The orc priest misses you.
You shoot an arrow.
The arrow hits the orc priest but does no damage.
The orc priest is severely wounded.
The orc priest hits you with a +0 club.
You shoot an arrow. The arrow hits the orc priest.
You kill the orc priest!
The orc closely misses you.
The orc priest calls down the wrath of Beogh upon you.
Pain shoots through your body!
You die...

...........)....# #.....
.................# #.....
.................# #.....
.................###.....
.........."......##.!....
.....##....#####.##......
.........................
.....#.>..#####..#......
.......o@..# #......
......}))#.# #......
......o...... #......
####}.>.}...... #.##...
#.........#.#. #...
#.o.}......_.. #...
#.).......#. .
.............


You could see an orc priest and 2 orcs.

Vanquished Creatures
  A centaur (D:5)
  A scorpion (D:4)
  2 orc priests
  2 orc wizards
  2 adders
  An ufetubus (D:3)
  A worm (D:3)
  11 orcs
  6 ball pythons
  2 bats (D:3)
  5 endoplasms
  2 giant cockroaches
  5 goblins
  3 hobgoblins (D:2)
  4 jackals (D:4)
  A quokka (D:1)
  2 frilled lizards (D:1)
  6 kobolds
  7 rats
64 creatures vanquished.

Notes
Turn   | Place    | Note
-------+----------+-------------------------------------------
     0 | D:1      | qw the Deep Elf Hunter began the quest for the Orb.
     0 | D:1      | Reached XP level 1. HP: 12/12 MP: 3/3
     0 | D:1      | 0 ||| qw: Version: 0.3-a-9-g12657ce
     0 | D:1      | 0 ||| qw: Game counter: 2759
     0 | D:1      | 0 ||| qw: Always use a shield: true
     0 | D:1      | 0 ||| qw: God list: Okawaru
     0 | D:1      | 0 ||| qw: Allow faded altars: false
     0 | D:1      | 0 ||| qw: Do Orc after D:15 true
     0 | D:1      | 0 ||| qw: Do second Lair branch before Depths: true
     0 | D:1      | 0 ||| qw: Lair rune preference: random
     0 | D:1      | 0 ||| qw: Plans: Normal
     0 | D:1      | 0 ||| PLANNING D:1-11
   424 | D:1      | Reached XP level 2. HP: 16/16 MP: 4/4
   499 | D:1      | Reached skill level 6 in Ranged Weapons
   814 | D:1      | 814 ||| UPGRADING to +3 leather armour.
   824 | D:1      | 824 ||| DROPPING +0 leather armour.
   825 | D:1      | 825 ||| READING scroll labelled ZOOFIRGHA FYRCH.
   830 | D:1      | 830 ||| READING 5 scrolls labelled INYESH SADGHERPH.
   831 | D:1      | 831 ||| DROPPING scroll of butterflies.
   848 | D:2      | Found a burning altar of Makhleb.
   967 | D:2      | Found a faded altar of an unknown god.
  1160 | D:2      | Found Quab's Book Shoppe.
  1165 | D:2      | 1165 ||| UPGRADING to amulet of guardian spirit.
  1386 | D:2      | 1386 ||| READING scroll labelled RAYFRU XOP.
  1387 | D:2      | 1387 ||| DRINKING 2 bubbling purple potions.
  1388 | D:2      | 1388 ||| READING 5 scrolls of identify.
  1388 | D:2      | 1388 ||| IDENTIFYING viscous emerald potion
  1389 | D:2      | 1389 ||| READING 4 scrolls of identify.
  1389 | D:2      | 1389 ||| IDENTIFYING inky potion
  1418 | D:3      | Reached XP level 3. HP: 20/20 MP: 5/5
  1422 | D:3      | 1422 ||| STAIRDANCE
  1464 | D:3      | Found Reroc's Magic Scroll Boutique.
  1474 | D:3      | 1474 ||| BUYING scroll of brand weapon (104 gold).
  1474 | D:3      | Bought a scroll of brand weapon for 104 gold pieces
  1474 | D:3      | 1474 ||| SHOPLISTING scroll of enchant armour (82 gold,
                  | have 16).
  1474 | D:3      | 1474 ||| SHOPLISTING scroll of teleportation (33 gold, have
                  | 16).
  1474 | D:3      | 1474 ||| READING scroll of brand weapon.
  1474 | D:3      | 1474 ||| BRANDING +0 shortbow.
  1480 | D:3      | Reached skill level 7 in Ranged Weapons
  1512 | D:3      | Found a glowing silver altar of Zin.
  1798 | D:3      | Found Beot's Weapon Shop.
  1867 | D:3      | Found Wuzar's Antique Weapon Shop.
  1875 | D:3      | Found a hide-covered altar of Uskayaw.
  1879 | D:3      | Noticed a +0 hand axe
  1879 | D:3      | Noticed a +0 dagger
  1922 | D:3      | 1922 ||| DROPPING amulet of magic regeneration.
  1923 | D:3      | 1923 ||| READING scroll labelled HUENORU USHRUXU.
  1955 | D:3      | 1955 ||| READING scroll labelled PIKLOX QOKUR.
  1956 | D:3      | 1956 ||| READING scroll labelled URASKEX OSETIA.
  1957 | D:3      | 1957 ||| DRINKING 2 fizzy ruby potions.
  1996 | D:3      | 1996 ||| READING 5 scrolls of identify.
  1996 | D:3      | 1996 ||| IDENTIFYING silvery potion
  1997 | D:3      | 1997 ||| DROPPING potion of attraction.
  1998 | D:3      | 1998 ||| DROPPING potion of lignification.
  2016 | D:4      | Found the +18 Lear's hauberk
  2178 | D:4      | Reached XP level 4. HP: 25/25 MP: 6/6
  2188 | D:4      | Identified the +1 leather armour of Iselao {Str+2 Dex+2
                  | SInv}
  2297 | D:4      | 2297 ||| DRINKING 2 potions of curing.
  2297 | D:4      | 2297 ||| (to cure confusion)
  2307 | D:4      | Reached skill level 8 in Ranged Weapons
  2346 | D:4      | Found a burning altar of Makhleb.
  2358 | D:4      | Noticed a scorpion
  2361 | D:4      | Killed a scorpion
  2362 | D:4      | Reached XP level 5. HP: 29/29 MP: 7/7
  2515 | D:4      | Reached skill level 9 in Ranged Weapons
  2566 | D:4      | Found a broken altar of Ashenzari.
  2662 | D:4      | 2662 ||| UPGRADING to +1 leather armour of Iselao {Str+2
                  | Dex+2 SInv}.
  2672 | D:4      | 2672 ||| DROPPING +3 leather armour.
  2673 | D:4      | 2673 ||| DRINKING 2 viscous black potions.
  2674 | D:4      | 2674 ||| READING 5 scrolls of identify.
  2674 | D:4      | 2674 ||| IDENTIFYING fuming brown potion
  2675 | D:4      | 2675 ||| DROPPING potion of degeneration.
  2676 | D:4      | 2676 ||| DROPPING potion of brilliance.
  2686 | D:5      | Entered Level 5 of the Dungeon
  2706 | D:5      | 2706 ||| Stepping ~*~*~tactically~*~*~ (outnumbered).
  2708 | D:5      | 2708 ||| Stepping ~*~*~tactically~*~*~ (outnumbered).
  2710 | D:5      | 2710 ||| Stepping ~*~*~tactically~*~*~ (outnumbered).
  2721 | D:5      | 2721 ||| FLEEEEING.
  2722 | D:5      | 2722 ||| FLEEEEING.
  2723 | D:5      | 2723 ||| FLEEEEING.
  2772 | D:5      | Found a radiant altar of Vehumet.
  2831 | D:5      | 2831 ||| STAIRDANCE
  2928 | D:5      | Noticed a centaur
  2931 | D:5      | Killed a centaur
  2932 | D:5      | Reached XP level 6. HP: 27/34 MP: 5/8
  2970 | D:5      | Found a staircase to the Ecumenical Temple.
  2971 | D:5      | 2971 ||| PLANNING TEMPLE
  2971 | D:5      | 2971 ||| UPGRADING to amulet of faith.
  2981 | D:5      | 2981 ||| DROPPING amulet of guardian spirit.
  2982 | D:5      | 2982 ||| READING scroll labelled XAATAU POTA.
  2984 | D:5      | Found an iron altar of Okawaru.
  2986 | D:5      | 2986 ||| PLANNING OKAWARU WORSHIP
  2997 | D:5      | HP: 5/35 [orc priest/divine providence (13)]
  2998 | D:5      | 2998 ||| DRINKING potion of heal wounds.
  3004 | D:5      | Killed from afar by an orc priest

Levels and vault maps discovered:
D:1:      mainiacjoe_arrival_reflecting_pool, layout_basic, st_stairs_10
D:2:      layout_basic, serial_shops, nicolae_shop_statue_plus,
          chequers_ecumenical_altar_simple_redux, basic_altar,
          grunt_ministairs_3, minmay_misc_feat_tower
D:3:      layout_rooms, lemuel_tele_altar, dancing_weapons_uskayaw,
          serial_corexii_hall, corexii_hall_statues_l, chequers_hall_statues_y,
          serial_shops, nicolae_shop_pleasant_corner_grove, shop,
          nicolae_diamond_shop
D:4:      layout_loops_ring, bloody_makhleb, nicolae_overflow_hidden_temple
D:5:      layout_basic, nicolae_ru_sacrificial_ziggurat,
          okawaru_metal_pillars_1_2, old_standard_altar, temple_fountains

Skill      XL: |  1  2  3  4  5 |
---------------+----------------+-----
Ranged Weapons | 6 7 8 9 |  9.0
Dodging        | 4 |  4.2
Fighting       | |  1.9
Stealth        | |  1.2

Action                     |  1- 3 |  4- 6 || total
---------------------------+-------+-------++-------
   Fire: Shortbow          |    96 |    73 ||   169
    Use: Scroll            |    10 |     2 ||    12
         Potion            |     2 |     3 ||     5
 Armour: Leather armour    |    16 |    12 ||    28
  Dodge: Dodged            |    19 |    15 ||    34

Table legend:
 A = Non-vault XP
 B = Vault XP
 C = Vault XP percentage of total XP
 D = Non-vault monster count
 E = Vault monster count
 F = Vault count percentage of total count
                 A         B        C        D         E       F
            +---------+---------+-------+---------+---------+-------
      Total |     490 |       8 |   1.6 |      60 |       4 |   6.2
            +---------+---------+-------+---------+---------+-------
        D:1 |      13 |       4 |  23.5 |      10 |       2 |  16.7
        D:2 |      33 |       4 |  10.8 |      13 |       2 |  13.3
        D:3 |      26 |       0 |   0.0 |       9 |       0 |   0.0
        D:4 |     195 |       0 |   0.0 |      17 |       0 |   0.0
        D:5 |     223 |       0 |   0.0 |      11 |       0 |   0.0
            +---------+---------+-------+---------+---------+-------
